 Dungeon Crawl Stone Soup version 0.19.5 (webtiles) character file.

29309 Gargoyl the Cleaver (level 13, -4/111 HPs)
             Began as a Ghoul Abyssal Knight on Mar 10, 2017.
             Was a High Priest of Lugonu.
             Splashed by an oklob plant's acid (14 damage)
             ... on level 5 of the Lair of Beasts.
             The game lasted 00:44:38 (18740 turns).

Gargoyl the Cleaver (Ghoul Abyssal Knight)         Turns: 18740, Time: 00:44:38

Health: -4/111     AC: 14    Str: 17    XL:     13   Next: 44%
Magic:  14/20      EV:  2    Int:  7    God:    Lugonu [*****.]
Gold:   567        SH: 10    Dex: 14    Spells: 0 memorised, 12 levels left

rFire  . . .     SeeInvis +     o - +7 hand axe
rCold  + + .     Gourm    .     E - +2 crystal plate armour
rNeg   + + +     Faith    .     j - +0 shield
rPois  ∞         Spirit   .     F - +2 helmet {SInv}
rElec  .         Reflect  .     G - +0 cloak
rCorr  .         Harm     .     n - +2 pair of gloves
MR     .....                    r - +1 pair of boots
Stlth  ..........               M - amulet of magic regeneration
                                N - ring of protection from cold
                                h - +2 ring of dexterity

@: corroded, rotting
A: rotting body, claws 1, carnivore 3, cold resistance 1, negative energy
resistance 3, slow regeneration 1, torment resistance, unbreathing
a: Depart the Abyss, Bend Space, Banish, Corrupt, Enter the Abyss, Renounce
Religion


You were on level 5 of the Lair of Beasts.
You worshipped Lugonu.
Lugonu was extremely pleased with you.
You were not hungry.

You visited 2 branches of the dungeon, and saw 15 of its levels.
You visited the Abyss 1 time.

You collected 1002 gold pieces.
You spent 435 gold pieces at shops.

Inventory:

Hand Weapons
 m - the +0 long sword of Fee Simple {slice, rElec rC+ Int+3 SInv}
   (You found it on level 4 of the Dungeon)

   It inflicts extra damage upon your enemies.
   It affects your intelligence (+3).
   It protects you from cold.
   It insulates you from electricity.
   It lets you see invisible.
 o - a +7 hand axe (weapon)
 w - a +0 war axe
 L - a +2 vampiric spear
Missiles
 C - 6 tomahawks (quivered)
Armour
 j - a +0 shield (worn)
 n - a +2 pair of gloves (worn)
 r - a +1 pair of boots (worn)
 E - a +2 crystal plate armour (worn)
 F - a +2 helmet of see invisible (worn)
 G - a +0 cloak (worn)
Jewellery
 h - a +2 ring of dexterity (left hand)
 M - an amulet of magic regeneration (around neck)
 N - a ring of protection from cold (right hand)
Wands
 a - a wand of lightning (6/15)
 i - a wand of polymorph (4/24)
 p - a wand of acid (5/15)
 u - a wand of digging (10/24)
 v - a wand of iceblast (6/15)
 x - a wand of disintegration (3/24)
 y - a wand of polymorph (12/24)
 J - a wand of flame (24/48)
Scrolls
 f - 2 scrolls of amnesia
 k - 5 scrolls of identify
 s - a scroll of recharging
 A - 2 scrolls of remove curse
 H - 5 scrolls of teleportation
 K - a scroll of fear
 R - a scroll of enchant weapon
Potions
 b - 3 potions of brilliance
 e - a potion of resistance
 g - 2 potions of lignification
 l - a potion of might
 t - a potion of curing
 z - 2 potions of heal wounds
 B - a potion of magic
 D - 2 potions of flight
 I - a potion of agility
Books
 O - a book of Necromancy

   Spells                             Type                      Level
   a - Pain                           Necromancy                   1
   b - Animate Skeleton               Necromancy                   1
   c - Vampiric Draining              Necromancy                   3
   d - Regeneration                   Charms/Necromancy            3
   e - Animate Dead                   Necromancy                   4
   f - Control Undead                 Necromancy                   4
 Q - a book of Callings

   Spells                             Type                      Level
   a - Summon Small Mammal            Summoning                    1
   b - Call Imp                       Summoning                    2
   c - Call Canine Familiar           Summoning                    3
   d - Summon Guardian Golem          Hexes/Summoning              3
   e - Summon Lightning Spire         Summoning/Air                4
   f - Summon Ice Beast               Ice/Summoning                4
Comestibles
 c - 9 meat rations
 d - 4 beef jerkies
 q - 9 slices of pizza


   Skills:
 + Level 9.1 Fighting
 + Level 11.3 Axes
 * Level 11.3 Armour
 + Level 1.5 Dodging
 + Level 7.0 Shields
 * Level 10.6 Invocations
 + Level 0.3 Evocations


You had 12 spell levels left.
You didn't know any spells.

Dungeon Overview and Level Annotations

Branches:
Dungeon (10/15)            Temple (0/1) D:7            Lair (5/6) D:10
 Shoals (0/4) Lair:4       Spider (0/4) Lair:3        Slime (0/5) Lair:5
    Orc (0/2) D:9

Altars:
Ashenzari
Cheibriados
Dithmenos
Elyvilon
Fedhas
Hepliaklqana
Nemelex Xobeh
Okawaru
Uskayaw
Vehumet
The Shining One

Shops:
D:8 ?   D:10 *

Annotations:
D:5 1 runed door
Lair:5 exclusion: 2 oklob plants
Abyss:1 Prince Ribbit


Innate Abilities, Weirdness & Mutations

Your body is rotting away.
You thrive on raw meat.
You are immune to poison.
You have sharp fingernails.
You are carnivorous and can eat meat at any time.
Your flesh is cold resistant. (rC+)
You are immune to negative energy. (rN+++)
You regenerate slowly when monsters are visible.
You are immune to unholy pain and torment.
You can survive without breathing.


Message History

The oklob plant spits acid at you. The splash of acid hits you!
You are splashed with acid!
The acid burns!
* * * LOW HITPOINT WARNING * * *
Okay, then.
You feel much better. The oklob plant spits acid at you.
The splash of acid hits you!
You are splashed with acid!
The acid burns!
The oklob plant spits acid at you. The splash of acid hits you!
You are splashed with acid!
The acid burns!
* * * LOW HITPOINT WARNING * * *
You feel much better. The oklob plant spits acid at you.
The splash of acid hits you! The acid corrodes you!
You are splashed with acid!
The acid burns!
* * * LOW HITPOINT WARNING * * *
The oklob plant spits acid at you. The splash of acid hits you!
* * * LOW HITPOINT WARNING * * *
The acid corrodes you!
You are splashed with acid!
The acid burns!
You die...

##.. ## ##..## ...####P...
..#..P....P ..........##
#...!....#.##
#...........###### ###.
...P.......@.....# .P.#.
#...>...#...#....#####....
#...P...######...#........
........# ###...##P.#
......)## ##......##
....... #P#........####
#.....# #..........P#.#
##.#.. #.........P...#
#.... #..........<...#


You could see an oklob plant.

Vanquished Creatures
  Snorg (Lair:4)
  Erica (D:10)
  A hill giant (D:9)
  2 black mambas
  Joseph (D:9)
  6 elephants (Lair:3)
  11 spiny frogs
  4 torpor snails
  A rime drake (Lair:4)
  2 komodo dragons
  2 hornets
  2 trolls
  3 hippogriffs
  4 blink frogs (Lair:1)
  3 wyverns
  A vampire (D:10)
  21 yaks
  4 hogs
  A human (D:6)
  A mottled dragon (Lair:4)
  10 water moccasins
  13 porcupines
  Duvessa (D:4)
  6 orc warriors
  2 sky beasts (D:8)
  2 black bears (D:8)
  3 ice beasts
  4 phantoms
  4 ogres
  11 centaurs
  13 wolves
  7 crocodiles
  A big kobold (D:9)
  Blork the orc (D:6)
  12 bullfrogs
  2 scorpions
  The ghost of thelegendofawesome the Skirmisher, a weakling MiAK of Lugonu (D:3)
  Dowan (D:5)
  6 wights
  11 killer bees
  A howler monkey (D:6)
  An electric eel (Lair:4)
  4 crimson imps
  5 bullfrog zombies
  2 centaur zombies (D:7)
  5 hounds
  2 jellies
  9 orc priests
  2 bullfrog skeletons
  14 orc wizards
  3 centaur skeletons
  An iguana (D:4)
  14 worker ants
  A killer bee zombie (D:10)
  2 hound zombies
  A hound skeleton (D:4)
  A worker ant zombie (D:7)
  11 gnolls
  8 adders
  2 shadow imps
  An adder zombie (D:8)
  2 adder skeletons
  2 worms (D:2)
  A dart slug (D:2)
  3 leopard geckos
  33 orcs
  7 bats
  6 giant cockroaches
  9 goblins
  8 hobgoblins
  6 jackals
  10 kobolds
  3 quokkas
  10 frilled lizards
  A jackal zombie (D:5)
  A leopard gecko skeleton (D:8)
  5 rats
  A fungus (Lair:4)
  2 plants (D:10)
383 creatures vanquished.

Vanquished Creatures (others)
  A dire elephant (Lair:3)
  2 hydras
  An oklob plant (Lair:5)
  The ghost of Birungi the Ducker, a novice MfIE (D:5)
  A gargoyle (D:6)
  An orc warrior (D:5)
  A crimson imp (D:7)
  A kobold (D:2)
  A plant (Lair:5)
10 creatures vanquished.

Grand Total: 393 creatures vanquished

Notes
Turn   | Place    | Note
-------+----------+-------------------------------------------
     0 | Abyss:1  | Gargoyl the Ghoul Abyssal Knight began the quest for the Orb.
     0 | Abyss:1  | Reached XP level 1. HP: 19/19 MP: 1/1
     3 | Abyss:1  | Noticed a golden eye
     4 | D:1      | Escaped the Abyss
    56 | D:1      | Reached skill level 1 in Dodging
    61 | D:1      | Reached XP level 2. HP: 23/26 MP: 2/2
   272 | D:1      | Reached * piety under Lugonu
   989 | D:2      | Reached XP level 3. HP: 22/33 MP: 3/3
  1201 | D:2      | Found a sparkling altar of Nemelex Xobeh.
  1580 | D:2      | Reached XP level 4. HP: 34/40 MP: 4/4
  1586 | D:2      | Found a snail-covered altar of Cheibriados.
  1938 | D:3      | Noticed thelegendofawesome's ghost (weakling MiAK)
  1959 | D:3      | Killed thelegendofawesome's ghost
  1959 | D:3      | Reached XP level 5. HP: 7/46 MP: 5/5
  2222 | D:3      | Reached ** piety under Lugonu
  2859 | D:4      | Got an ancient long sword
  2898 | D:4      | Identified the cursed +0 long sword of Fee Simple {slice, rElec rC+ Int+3 SInv} (You found it on level 4 of the Dungeon)
  2910 | D:4      | Noticed a phantom
  2950 | D:5      | Entered Level 5 of the Dungeon
  2955 | D:5      | You fall through a shaft for 3 floors!
  3245 | D:8      | Noticed a centaur
  3264 | D:8      | Killed a centaur
  3264 | D:8      | Reached XP level 6. HP: 7/53 MP: 7/7
  3371 | D:7      | Noticed an ice beast
  3397 | D:7      | Killed an ice beast
  3518 | D:7      | Reached XP level 7. HP: 56/59 MP: 8/8
  3588 | D:7      | Found a blossoming altar of Fedhas.
  3865 | D:7      | Noticed a gargoyle
  4212 | D:6      | Reached skill level 5 in Armour
  4705 | D:4      | Reached skill level 5 in Fighting
  4705 | D:4      | Reached XP level 8. HP: 58/67 MP: 9/9
  5509 | D:4      | Reached skill level 5 in Axes
  5527 | D:4      | Found a white marble altar of Elyvilon.
  6081 | D:5      | Found a runed door.
  6099 | D:5      | Noticed Duvessa
  6099 | D:5      | Noticed Dowan
  6128 | D:5      | Killed Dowan
  6360 | D:5      | Noticed Birungi's ghost (novice MfIE)
  6546 | D:4      | Killed Duvessa
  6558 | D:4      | Reached *** piety under Lugonu
  7035 | D:6      | Reached XP level 9. HP: 40/73 MP: 11/11
  7054 | D:6      | Reached skill level 5 in Invocations
  8081 | D:5      | Banished Birungi's ghost
  8087 | D:5      | HP: 2/75 [worker ant (4)]
  8598 | D:5      | Found a runed door.
  8635 | D:5      | Noticed Blork the orc
  8818 | D:5      | Reached skill level 1 in Shields
  9102 | D:6      | Killed Blork the orc
  9509 | D:6      | Banished a gargoyle
 10029 | D:7      | Found a shattered altar of Ashenzari.
 10048 | D:7      | Noticed Prince Ribbit
 10049 | D:7      | Banished Prince Ribbit
 10049 | D:7      | Reached XP level 10. HP: 82/82 MP: 13/13
 10103 | D:7      | Found an iron altar of Okawaru.
 10150 | D:7      | Found a staircase to the Ecumenical Temple.
 10257 | D:7      | Found a shadowy altar of Dithmenos.
 11079 | D:8      | Reached **** piety under Lugonu
 11263 | D:8      | Found Yloli's Magic Scroll Shoppe.
 11289 | D:8      | Bought a scroll of enchant weapon for 105 gold pieces
 11289 | D:8      | Bought a scroll of enchant armour for 105 gold pieces
 11289 | D:8      | Bought a scroll of enchant armour for 105 gold pieces
 12262 | D:9      | Found a staircase to the Orcish Mines.
 12417 | D:9      | Found a hazy altar of Hepliaklqana.
 12556 | D:9      | Noticed a hill giant
 12570 | D:9      | Killed a hill giant
 12570 | D:9      | Reached XP level 11. HP: 58/91 MP: 15/15
 12572 | D:9      | Found a radiant altar of Vehumet.
 12639 | D:9      | Found a hide-covered altar of Uskayaw.
 12829 | D:9      | Identified a scroll of acquirement
 13099 | D:9      | Noticed Joseph
 13119 | D:9      | Killed Joseph
 13220 | D:10     | Entered Level 10 of the Dungeon
 13237 | D:10     | Reached ***** piety under Lugonu
 13404 | D:10     | Found a staircase to the Lair.
 13582 | D:10     | Noticed Erica
 13603 | D:10     | Killed Erica
 13644 | D:10     | Found Vusm's General Store.
 13650 | D:10     | Bought a potion of heal wounds for 60 gold pieces
 13650 | D:10     | Bought a potion of heal wounds for 60 gold pieces
 13971 | Lair:1   | Entered Level 1 of the Lair of Beasts
 14369 | Lair:1   | Reached skill level 5 in Shields
 14394 | Lair:1   | Reached skill level 10 in Armour
 14394 | Lair:1   | Reached XP level 12. HP: 44/100 MP: 17/17
 14925 | Lair:1   | Reached skill level 10 in Axes
 15668 | Lair:2   | Found a glowing golden altar of the Shining One.
 15669 | Lair:2   | Noticed an eight-headed hydra
 15673 | Lair:2   | Banished an eight-headed hydra
 15767 | Lair:2   | Got a spiked chain mail
 15768 | Lair:2   | Identified the +4 chain mail of Protective Custody {+Inv MR- rCorr Str+6} (You found it on level 2 of the Lair of Beasts)
 16066 | Lair:2   | Reached skill level 10 in Invocations
 16087 | Lair:3   | Found a hole to the Spider Nest.
 16100 | Lair:3   | Got an ivory whip
 16101 | Lair:3   | Identified the cursed +1 whip "Vatz" {freeze, +Fly} (You found it on level 3 of the Lair of Beasts)
 16219 | Lair:3   | Noticed a dire elephant
 16234 | Lair:3   | Banished a dire elephant
 16430 | Lair:3   | Reached XP level 13. HP: 38/110 MP: 19/19
 17372 | Lair:4   | Found a staircase to the Shoals.
 17620 | Lair:4   | Noticed Snorg
 17645 | Lair:4   | Killed Snorg
 18440 | Lair:5   | Found a snail-covered altar of Cheibriados.
 18600 | Lair:5   | Found a staircase to the Slime Pits.
 18740 | Lair:5   | Splashed by an oklob plant's acid

Skill      XL: |  1  2  3  4  5  6  7  8  9 10 11 12 13 |
---------------+----------------------------------------+-----
Armour         | 2 3 4 5 6 8 9 10 11 | 11.3
Dodging        | 1 |  1.5
Axes           | 2 3 4 5 6 8 9 10 11 | 11.3
Fighting       | 4 5 6 7 8 9 |  9.1
Invocations    | 3 4 6 7 9 10 | 10.6
Shields        | 2 3 5 6 7 |  7.0
Evocations     | |  0.3

Action                   |  1- 3 |  4- 6 |  7- 9 | 10-12 | 13-15 || total
-------------------------+-------+-------+-------+-------+-------++-------
Melee: Hand axe          |   159 |   236 |  1034 |  1202 |   236 ||  2867
Throw: Tomahawk          |       |       |       |     1 |       ||     1
Invok: Depart the Abyss  |     1 |       |       |       |       ||     1
       Bend Space        |       |       |     2 |       |       ||     2
       Banish            |       |       |     6 |     5 |     4 ||    15
Evoke: Wand              |       |       |       |       |     3 ||     3
  Use: Scroll            |     8 |     3 |     8 |    16 |     1 ||    36
       Potion            |     4 |     4 |     4 |     1 |     3 ||    16
  Eat: Chunk             |    13 |    17 |    71 |   129 |    47 ||   277
Armor: Plate armour      |   121 |   227 |   836 |   334 |       ||  1518
       Leather armour    |     4 |       |       |       |       ||     4
       Crystal plate arm |       |       |       |   683 |   218 ||   901
Dodge: Dodged            |    54 |    71 |   204 |    90 |    14 ||   433
Block: Shield            |       |       |   148 |   620 |   146 ||   914
